 Dungeon Crawl Stone Soup version 0.27.1 (webtiles) character file.

Game seed: 15731826999713679526

38 shadowrider38 the Ruffian (level 3, 0/31 HPs)
             Began as a Ghoul Monk on Aug 26, 2021.
             Slain by Terence (1 damage)
             ... on level 2 of the Dungeon.
             The game lasted 00:05:11 (1824 turns).

shadowrider38 the Ruffian (Ghoul Monk)              Turns: 1824, Time: 00:05:12

Health: 0/31       AC:  7    Str: 15    XL:     3   Next: 43%
Magic:  2/2        EV:  9    Int:  5    God:
Gold:   37         SH:  0    Dex: 11    Spells: 2/2 levels left

rFire    + . .     SeeInvis .     - Unarmed
rCold    + . .     Faith    .   (no shield)
rNeg     + + +     Spirit   .   f - +1 scale mail {rF+}
rPois    ∞         Reflect  .   (no helmet)
rElec    .         Harm     .   (no cloak)
rCorr    .         Rampage  .   (no gloves)
Will     +....                  (no boots)
Stlth    ..........             (no amulet)
HPRegen  0.00/turn              a - ring of willpower
MPRegen  0.08/turn              (no ring)

@: inhibited regen
A: claws 1, cold resistance 1, negative energy resistance 3, inhibited
regeneration, torment resistance 2
a: no special abilities


You were on level 2 of the Dungeon.
You visited 1 branch of the dungeon, and saw 2 of its levels.

You collected 37 gold pieces.

Inventory:

Missiles
 e - 35 bolts
 g - 30 stones (quivered)
Armour
 f - a +1 scale mail of fire resistance (worn)
Jewellery
 a - a ring of willpower (left claw)
Scrolls
 c - a scroll of magic mapping {unknown}
 d - a scroll of brand weapon {unknown}
 h - a scroll of identify {unknown}
Potions
 b - 2 potions of might {unknown}


   Skills:
 - Level 3.2 Fighting
 - Level 2.6 Dodging
 - Level 2.1 Stealth
 + Level 4.8 Unarmed Combat


You had 2 spell levels left.
You didn't know any spells.
Your spell library contained the following spells:

 Spells                   Type           Power      Damage    Failure   Level
 Corona                   Hex            0%         N/A       92%         1
 Ensorcelled Hibernation  Hex/Ice        0%         N/A       98%         2
 Tukima's Dance           Hex            0%         N/A       100%        3


Dungeon Overview and Level Annotations

Branches:
Dungeon (2/15)

Altars:

Annotations:
D:2 Terence


Innate Abilities, Weirdness & Mutations

You thrive by killing the living.
You are immune to poison.
You have sharp fingernails.
Your flesh is cold resistant. (rC+)
You are immune to negative energy. (rN+++)
You do not regenerate when monsters are visible.
You are immune to unholy pain and torment.


Message History

Terence misses you. The adder bites you but does no damage.
The adder bites you.
Terence hits you from afar with a +0 trident.
You climb upwards.
There is a stone staircase leading down here.
You scratch the adder.
You kill the adder!
No target in view!
No target in view!
You start resting.
HP restored.
You climb downwards.
Level annotation: Terence
There is a stone staircase leading up here.
Terence hits you with a +0 trident.
You scratch Terence but do no damage.
Terence is lightly wounded.
Terence hits you with a +0 trident.
You completely miss Terence.
Terence is lightly wounded.
Terence hits you with a +0 trident.
You scratch Terence.
Terence is moderately wounded.
Terence hits you with a +0 trident.
You closely miss Terence.
Terence is moderately wounded.
Terence hits you with a +0 trident.
You barely miss Terence.
Terence is moderately wounded.
Terence hits you with a +0 trident.
* * * LOW HITPOINT WARNING * * *
You barely miss Terence.
Terence is moderately wounded.
Terence hits you with a +0 trident.
* * * LOW HITPOINT WARNING * * *
Terence barely misses you.
There is a stone staircase leading up here.
Terence shouts, "Get ready for death!"
Terence hits you from afar with a +0 trident.
You die...

. # .## #. ..
###.... .....#.
## #>... ..
...#...######.#
.......@......#
##.##......####
+...@..+
#......#
#......#
#?.....#
#......#
########


You could see Terence.

Vanquished Creatures
  An adder (D:1)
  4 bats (D:1)
  An endoplasm (D:1)
  A giant cockroach (D:1)
  5 goblins (D:1)
  5 hobgoblins (D:1)
  3 jackals (D:1)
  5 frilled lizards (D:1)
  2 rats
27 creatures vanquished.

Notes
Turn   | Place    | Note
-------+----------+-------------------------------------------
     0 | D:1      | shadowrider38 the Ghoul Monk began the quest for the Orb.
     0 | D:1      | Reached XP level 1. HP: 19/19 MP: 0/0
   409 | D:1      | Reached XP level 2. HP: 24/26 MP: 1/1
   416 | D:1      | Reached skill level 4 in Unarmed Combat
  1010 | D:1      | Found a faded altar of an unknown god.
  1088 | D:1      | Reached XP level 3. HP: 31/31 MP: 2/2
  1592 | D:2      | Noticed Terence
  1821 | D:2      | HP: 1/31 [Terence (5)]
  1824 | D:2      | Slain by Terence

Illustrated notes

Levels and vault maps discovered:
D:1:      roderic_crop_circles_arrival_small, layout_loops_corners,
          chequers_ecumenical_altar_twisty
D:2:      layout_basic, patterned_corridor, uniq_terence, uniq_natasha

Skill      XL: |  1  2 |
---------------+-------+-----
Unarmed Combat | 4 |  4.8
Fighting       | |  3.2
Dodging        | |  2.6
Stealth        | |  2.1

Action                   || total
-------------------------++-------
Melee: Unarmed           ||    91
 Stab: Sleeping          ||     7
Armor: Robe              ||    10
       Ring mail         ||     7
       Scale mail        ||    12
Dodge: Dodged            ||    45
